 Dungeon Crawl Stone Soup version 0.30-a0-726-gd89dcf765f (webtiles) character file.

Game seed: 5697332535999687493

231 hikkokomori the Cutter (level 6, 0/37 (38) HPs)
             Began as a Kobold Gladiator on Jan 30, 2023.
             Slain by a wight
             ... wielding a +3 morningstar of freezing
              (13 damage)
             ... on level 3 of the Dungeon.
             The game lasted 00:03:59 (3141 turns).

hikkokomori the Cutter (Kobold Gladiator)           Turns: 3141, Time: 00:04:00

HP:   0/37 (38)     AC:  4    Str: 11    XL:     6   Next: 24%
MP:   6/6           EV: 17    Int:  9    God:
Gold: 159           SH:  0    Dex: 19    Spells: 5/5 levels left

rFire   . . .      SeeInvis .    a - +0 rapier
rCold   . . .      Faith    .    (no shield)
rNeg    . . .      Spirit   .    b - +0 leather armour
rPois   .          Reflect  .    t - +0 helmet
rElec   .          Harm     .    (no cloak)
rCorr   .          Rampage  .    (no gloves)
Will    .....                    (no boots)
Stlth   +++                      (no amulet)
HPRegen 0.26/turn                g - ring of flight
MPRegen 0.10/turn                q - ring of flight

@: flying, hasted, lightly drained, very quick
A: small, no large weapons, nightstalker 3
a: no special abilities


You were on level 3 of the Dungeon.
You visited 1 branch of the dungeon, and saw 4 of its levels.

You collected 159 gold pieces.

Inventory:

Hand Weapons
 a - a +0 rapier (weapon)
Missiles
 d - 3 throwing nets (quivered)
 e - 2 boomerangs
Armour
 b - a +0 leather armour (worn)
 c - a +0 helmet
 t - a +0 helmet (worn)
Jewellery
 g - a ring of flight (left hand)
 q - a ring of flight (right hand)
Scrolls
 f - 2 scrolls of identify {unknown}
 h - 4 scrolls of teleportation {unknown}
 i - 2 scrolls of poison {unknown}
 j - a scroll of enchant weapon {unknown}
 k - a scroll of noise {unknown}
 l - 2 scrolls of enchant armour {unknown}
 n - a scroll of magic mapping {unknown}
 o - a scroll of silence {unknown}
Potions
 m - 2 potions of curing
 p - a potion of haste
 r - a potion of ambrosia {unknown}
 s - 2 potions of lignification {unknown}


   Skills:
 + Level 4.0 Fighting
 + Level 5.8 Short Blades
 - Level 2.3 Throwing
 + Level 5.2 Dodging
 + Level 1.9 Stealth


You had 5 spell levels left.
You didn't know any spells.
Your spell library contained the following spells:

 Spells                   Type           Power      Damage    Failure   Level
 Lesser Beckoning         Tloc           0%         N/A       63%         2
 Gell's Gravitas          Tloc           0%         N/A       85%         3
 Portal Projectile        Hex/Tloc       0%         N/A       85%         3
 Teleport Other           Tloc           0%         N/A       85%         3
 Tukima's Dance           Hex            0%         N/A       85%         3
 Blade Hands              Tmut           0%         N/A       100%        5


Dungeon Overview and Level Annotations

Branches:
Dungeon (4/15)
 Temple: D:4-7

Altars:
Dithmenos

Shops:
D:2 [

Annotations:
D:2 1 runed translucent door, Crazy Yiuf


Innate Abilities, Weirdness & Mutations

You are small and have problems with some larger weapons.
You are completely attuned to the shadows.


Message History

The wight is moderately damaged.
The wight barely misses you.
You hit the wight but do no damage. Your punch misses the wight.
The wight is moderately damaged.
The wight closely misses you.
You barely miss the wight.
The wight is moderately damaged.
The wight completely misses you.
Okay, then.
It was a potion of haste.
You feel yourself speed up. The wight completely misses you.
You hit the wight.
The wight is heavily damaged.
You barely miss the wight.
The wight is heavily damaged.
The wight completely misses you.
You hit the wight but do no damage.
The wight is heavily damaged.
You hit the wight but do no damage.
The wight is heavily damaged.
The wight closely misses you.
You hit the wight but do no damage.
The wight is heavily damaged.
The wight hits you with a +3 morningstar of freezing.
* * * LOW HITPOINT WARNING * * *
The wight freezes you.
* * * LOW HITPOINT WARNING * * *
You hit the wight but do no damage.
The wight is heavily damaged.
You hit the wight but do no damage.
The wight is heavily damaged.
The wight closely misses you.
You closely miss the wight.
The wight is heavily damaged.
The wight completely misses you.
You hit the wight.
The wight is severely damaged.
You feel better.
The wight hits you with a +3 morningstar of freezing!
You die...

######## #......# #.####.# #.#
#.# ################## #.# #.#
................@# #.# #.#
#############.##z# #.# #.# #.##.#
#.# #.# ### #########.##.# #.#
#.# ..# #..........#.# #.# #.# #
#.# #..........#.######.####.# #
#.# #.....................##.####
#.###..........#)######.#.##.#<).
#..............#.# #....#.##.####


You could see a wight.

Vanquished Creatures
  An orc priest (D:4)
  An iguana (D:3)
  Robin (D:3)
  5 adders
  6 dart slugs
  9 orcs
  6 bats
  7 endoplasms
  3 giant cockroaches
  15 goblins
  15 hobgoblins
  2 quokkas (D:1)
  8 ball pythons
  2 frilled lizards
  8 kobolds
  10 rats
  A spectral hobgoblin (D:1)
100 creatures vanquished.

Notes
Turn   | Place    | Note
-------+----------+-------------------------------------------
     0 | D:1      | hikkokomori the Kobold Gladiator began the quest for the
                  | Orb.
     0 | D:1      | Reached XP level 1. HP: 12/12 MP: 1/1
    60 | D:1      | Reached XP level 2. HP: 16/18 MP: 2/2
   391 | D:1      | Reached XP level 3. HP: 22/22 MP: 3/3
   710 | D:1      | Found a faded altar of an unknown god.
   988 | D:2      | Reached XP level 4. HP: 23/28 MP: 4/4
  1061 | D:2      | Found Qumonom's Antique Armour Shop.
  1276 | D:2      | Found a shadowy altar of Dithmenos.
  1297 | D:2      | Reached skill level 5 in Short Blades
  1429 | D:2      | Found a runed translucent door.
  1432 | D:2      | Noticed Crazy Yiuf
  2003 | D:3      | Reached XP level 5. HP: 32/32 MP: 5/5
  2457 | D:3      | Noticed Robin
  2470 | D:3      | Killed Robin
  2471 | D:3      | Reached skill level 5 in Dodging
  2615 | D:3      | Reached skill level 1 in Stealth
  2874 | D:4      | Reached XP level 6. HP: 36/38 MP: 6/6
  3141 | D:3      | Slain by a wight

Illustrated notes

Levels and vault maps discovered:
D:1:      dpeg_arrival_rhombus, layout_loops_cross,
          dreamdust_ecumenical_altar_drowned_temple
D:2:      layout_basic, serial_shops, nicolae_shop_window_shopping, basic_altar,
          uniq_crazy_yiuf_cottage
D:3:      layout_basic, uniq_robin
D:4:      layout_rooms, roderic_roman_lattice, glass_columns_b

Skill      XL: |  1  2  3  4  5  6 |
---------------+-------------------+-----
Dodging        | 4 5 |  5.2
Fighting       | 3 4 |  4.0
Short Blades   | 5 |  5.8
Stealth        | 1 |  1.9
Throwing       | |  2.3

Action                     |  1- 3 |  4- 6 || total
---------------------------+-------+-------++-------
  Melee: Rapier            |   100 |   176 ||   276
         Punch             |     1 |     2 ||     3
    Use: Potion            |       |     2 ||     2
   Stab: Sleeping          |     8 |    12 ||    20
         Distracted        |     1 |     2 ||     3
 Armour: Leather armour    |    21 |    28 ||    49
  Dodge: Dodged            |    69 |   152 ||   221

Table legend: (Time is in decaauts)
 A = Elapsed time spent in this place.
 B = Non-inter-level travel time spent in this place.
 C = Inter-level travel time spent in this place.
 D = Time resting spent in this place.
 E = Time spent auto-exploring this place.
 F = Levels seen in this place.
 G = Mean time per level.
                   A        B        C        D        E       F      G
               +--------+--------+--------+--------+--------+-----+--------+
         Total |   3126 |   2965 |    161 |     14 |   2381 |   4 |  781.5 |
       Dungeon |   3126 |   2965 |    161 |     14 |   2381 |   4 |  781.5 |
               +--------+--------+--------+--------+--------+-----+--------+

Top non-repeatable levels by time:
     D:3: 1122 daAuts
     D:1: 882 daAuts
     D:2: 853 daAuts
     D:4: 268 daAuts
